 Dungeon Crawl Stone Soup version 0.28-a0-1235-g7c8fac35f0 (webtiles) character file.

Game seed: 10301482184418354997

1659 Vash the Insei (level 9, 0/66 HPs)
             Began as a Gnoll Transmuter on Dec 24, 2021.
             Was a Plaything of Xom.
             Slain by a wyvern zombie (14 damage)
             ... on level 7 of the Dungeon.
             The game lasted 00:09:17 (9025 turns).

Vash the Insei (Gnoll Transmuter)                   Turns: 9025, Time: 00:09:17

Health: 0/66       AC:  9    Str:  9    XL:     9   Next: 0%
Magic:  20/20      EV: 14    Int: 15    God:    Xom [*.....]
Gold:   346        SH:  4    Dex: 13    Spells: 16/20 levels left

rFire   . . .      SeeInvis .     - Unarmed
rCold   . . .      Faith    .   (no shield)
rNeg    . . .      Spirit   .   a - +0 robe
rPois   +          Reflect  .   s - +2 hat
rElec   .          Harm     +   n - +1 cloak {rPois}
rCorr   .          Rampage  .   b - +0 pair of gloves
Will    +....      Rage     1%  C - +1 pair of boots
Stlth   ++........              A - amulet "Jecs" {RegenMP Harm Will+}
HPRegen 0.21/turn               (no ring)
MPRegen 0.57/turn               (no ring)

@: cleaving
A: fangs 1, strong nose, distributed training, large bone plates 1, berserk 1,
high mp 1, screaming 1, weak 1
a: Renounce Religion


You were on level 7 of the Dungeon.
You worshipped Xom.
You were a special plaything of Xom.
You visited 1 branch of the dungeon, and saw 7 of its levels.

You collected 346 gold pieces.

Inventory:

Hand Weapons
 v - the +5 mace of Wu Jian's Displeasure {venom, Dex+4}
   (You found it on level 5 of the Dungeon)

   It poisons the flesh of those it strikes.
   Dex:       It affects your dexterity (+4).
Missiles
 k - 4 throwing nets
Armour
 a - a +0 robe (worn)
 b - a +0 pair of gloves (worn)
 n - a +1 cloak of poison resistance (worn)
 s - a +2 hat (worn)
 C - a +1 pair of boots (worn)
Jewellery
 x - a ring of positive energy
 A - the amulet "Jecs" (around neck) {RegenMP Harm Will+}
   (You found it on level 6 of the Dungeon)

   [amulet of magic regeneration]

   It increases your rate of magic regeneration.
   Harm:      It increases damage dealt and taken.
   Will:      It increases your willpower.
Wands
 o - a wand of iceblast (4)
 u - a wand of flame (3)
 D - a wand of digging (6)
Scrolls
 c - 11 scrolls of identify
 f - 4 scrolls of magic mapping
 g - a scroll of enchant weapon {unknown}
 j - 4 scrolls of teleportation {unknown}
 l - 2 scrolls of fog {unknown}
 m - a scroll of blinking {unknown}
 p - a scroll of torment {unknown}
 t - a scroll of vulnerability {unknown}
 w - a scroll of fear {unknown}
 y - a scroll of summoning {unknown}
Potions
 e - a potion of cancellation {unknown}
 h - a potion of flight {unknown}
 i - a potion of curing
 q - a potion of brilliance {unknown}
 r - 2 potions of lignification {unknown}
 z - a potion of resistance {unknown}
 B - 2 potions of might {unknown}
 E - a potion of heal wounds {unknown}


   Skills:
 + Level 4.6 Fighting
 + Level 3.7 Short Blades
 + Level 3.7 Long Blades
 + Level 3.7 Axes
 + Level 3.7 Maces & Flails
 + Level 3.7 Polearms
 + Level 3.7 Staves
 + Level 3.7 Slings
 + Level 3.7 Bows
 + Level 3.7 Crossbows
 + Level 3.7 Throwing
 + Level 3.7 Armour
 + Level 6.0 Dodging
 + Level 3.7 Stealth
 + Level 3.7 Shields
 + Level 7.6 Unarmed Combat
 + Level 6.3 Spellcasting
 + Level 3.1 Conjurations
 + Level 3.1 Hexes
 + Level 3.1 Summonings
 + Level 3.1 Necromancy
 + Level 3.1 Translocations
 + Level 5.0 Transmutations
 + Level 3.1 Fire Magic
 + Level 3.1 Ice Magic
 + Level 3.1 Air Magic
 + Level 3.1 Earth Magic
 + Level 3.1 Poison Magic
 + Level 4.1 Invocations
 + Level 3.7 Evocations


You had 16 spell levels left.
You knew the following spells:

 Your Spells              Type           Power      Damage    Failure   Level
a - Beastly Appendage     Tmut           38%        N/A       1%          1
b - Spider Form           Tmut/Pois      16%        N/A       9%          3

Your spell library contained the following spells:

 Spells                   Type           Power      Damage    Failure   Level
 Wereblood                Tmut           19%        N/A       2%          2
 Gell's Gravitas          Tloc           14%        N/A       12%         3
 Lesser Beckoning         Tloc           14%        N/A       12%         3
 Teleport Other           Tloc           14%        N/A       12%         3
 Ice Form                 Ice/Tmut       16%        N/A       26%         4


Dungeon Overview and Level Annotations

Branches:
Dungeon (7/15)             Temple (0/1) D:4

Altars:
Fedhas
Hepliaklqana
Vehumet
Xom

Shops:
D:1 (


Innate Abilities, Weirdness & Mutations

You have very sharp teeth.
Your uncanny sense of smell can sniff out nearby items.
Your experience applies equally to all skills.
You are partially covered in large bone plates. (SH +4)
You tend to lose your temper in combat.
You have an increased reservoir of magic. (+10% MP)
You occasionally shout uncontrollably at your foes.
You are weak. (Str -2)


Message History

The ice beast freezes you!
* * * LOW HITPOINT WARNING * * *
You block the hound's attack.
There is a stone staircase leading down here.
Found a scimitar.
Found a giant club.
An orc and a zombie come into view.
Your extra speed is starting to run out.
You are now a special plaything of Xom. 3 orcs come into view.
The orc shouts! x3
An orc priest comes into view. It is wielding a +0 whip.
The orc priest begins to cast a cantrip, but forgets the words!
Found 15 stones and 12 gold pieces.
You feel yourself slow down.
A sky beast comes into view.
The sky beast moves out of view.
You hit the orc priest.
You bite the orc priest, but do no damage.
The orc priest is moderately wounded.
The orc priest hits you but does no damage.
You punch the orc priest!
You kill the orc priest!
Your Transmutations skill increases to level 5!
You have reached level 9!
Your experience leads to an increase in your attributes!
Your base attributes are Str 9, Int 15, Dex 13.
Increase (S)trength, (I)ntelligence, or (D)exterity?
You feel stronger. x2
Found a stone staircase leading up. "This might be better!"
The wyvern zombie seems to speed up.
Found 16 bolts.
There is an open door here.
You see here 16 bolts. "Go forth and destroy!"
Your hands look sharp.
The wyvern zombie bites you!
You die...
Xom thinks this is hilarious!

. #)#.#.#.#.#.....#.#.#.#.#.Z #
#.#.#.#.#.#'....#.#.#.#.#h##
#.#.#.#.#.#.#.)...#.#.#.#.##
##.#.#.#.#.#.#.#.#[#.#.#.#.#
#.#.#.#.#.#.##.##'#+#.#.#.## #
##.#.#.#.#.###.##....#.#.#.# .
#.#.#.#.#.###...##...+#.#.##
######.#.#.#..##.....##..#.#.#.#
....#.#.#.#.#o'Z@.♣.. '.#.#.#.##
...<.#'#.#.#.####...###..#.# ...
.# ......#### #...# .#### ..) .+
.... #.<.# . .. .# .. # #...# #
.. .# #.###...###.# .#
#.....♣.....# .# ####.....####
.# ######...###


You could see an orc and a wyvern zombie (fast).

Vanquished Creatures
  A water moccasin (D:7)
  A sky beast (D:7)
  An ice beast (D:7)
  A necrophage (D:6)
  2 ogres
  3 centaurs
  2 bullfrogs
  A gnoll sergeant (D:7)
  A howler monkey (D:5)
  A centaur zombie (D:7)
  A bullfrog zombie (D:5)
  Crazy Yiuf (D:3)
  An orc priest (D:7)
  A jelly (D:6)
  A gnoll shaman (D:6)
  2 hounds
  2 iguanas
  2 orc wizards
  Terence (D:3)
  A hound skeleton (D:4)
  14 gnolls
  4 adders
  2 ufetubi (D:6)
  An adder skeleton (D:5)
  2 dart slugs
  9 orcs
  7 endoplasms
  6 giant cockroaches
  7 goblins
  5 hobgoblins
  2 quokkas
  5 ball pythons
  6 bats
  5 frilled lizards
  3 kobolds
  6 rats
111 creatures vanquished.

Notes
Turn   | Place    | Note
-------+----------+-------------------------------------------
     0 | D:1      | Vash the Gnoll Transmuter began the quest for the Orb.
     0 | D:1      | Reached XP level 1. HP: 17/17 MP: 6/6
    18 | D:1      | Found Fiqoawonoej's Weapon Emporium.
   234 | D:1      | Reached XP level 2. HP: 21/23 MP: 7/7
   816 | D:1      | Reached XP level 3. HP: 27/28 MP: 9/9
   825 | D:1      | Reached skill level 5 in Spellcasting
  1283 | D:2      | Reached skill level 1 in Invocations
  1870 | D:3      | Reached skill level 1 in Short Blades
  1870 | D:3      | Reached skill level 1 in Long Blades
  1870 | D:3      | Reached skill level 1 in Axes
  1870 | D:3      | Reached skill level 1 in Maces & Flails
  1870 | D:3      | Reached skill level 1 in Polearms
  1870 | D:3      | Reached skill level 1 in Staves
  1870 | D:3      | Reached skill level 1 in Slings
  1870 | D:3      | Reached skill level 1 in Bows
  1870 | D:3      | Reached skill level 1 in Crossbows
  1870 | D:3      | Reached skill level 1 in Throwing
  1870 | D:3      | Reached skill level 1 in Armour
  1870 | D:3      | Reached skill level 1 in Stealth
  1870 | D:3      | Reached skill level 1 in Shields
  1870 | D:3      | Reached skill level 1 in Evocations
  2099 | D:3      | Found a shimmering altar of Xom.
  2120 | D:3      | Noticed Terence
  2143 | D:3      | Became a worshipper of Xom the Random
  2149 | D:3      | XOM: potion effect (brilliance)
  2165 | D:3      | Reached XP level 4. HP: 27/34 MP: 9/11
  2167 | D:3      | XOM: potion effect (heal wounds)
  2168 | D:3      | XOM: silly message
  2170 | D:3      | XOM: potion effect (might)
  2175 | D:3      | Killed Terence
  2312 | D:3      | Learned a level 3 spell: Spider Form
  2408 | D:3      | Reached skill level 1 in Conjurations
  2408 | D:3      | Reached skill level 1 in Hexes
  2408 | D:3      | Reached skill level 1 in Summonings
  2408 | D:3      | Reached skill level 1 in Necromancy
  2408 | D:3      | Reached skill level 1 in Translocations
  2408 | D:3      | Reached skill level 1 in Fire Magic
  2408 | D:3      | Reached skill level 1 in Ice Magic
  2408 | D:3      | Reached skill level 1 in Air Magic
  2408 | D:3      | Reached skill level 1 in Earth Magic
  2408 | D:3      | Reached skill level 1 in Poison Magic
  2450 | D:3      | Found a faded altar of an unknown god.
  2462 | D:3      | XOM: potion effect (curing)
  2666 | D:3      | Found a runed translucent door.
  2667 | D:3      | Noticed Crazy Yiuf
  2723 | D:3      | Reached XP level 5. HP: 40/40 MP: 12/12
  3073 | D:3      | XOM: god gift: dagger {god gift}
  3202 | D:3      | Killed Crazy Yiuf
  3494 | D:4      | XOM: stealth player
  3578 | D:4      | XOM: chaos upgrade
  3990 | D:4      | Found a staircase to the Ecumenical Temple.
  3990 | D:4      | XOM: 2-stop teleportation journey
  4092 | D:4      | XOM: 1-stop teleportation journey
  4217 | D:4      | XOM is BORED!
  4217 | D:4      | XOM: summons 3 hostile demons
  4338 | D:4      | XOM: give mutations
  4338 | D:4      | Gained mutation: Your muscles are strong. (Str +2) [Xom's
                  | grace]
  4338 | D:4      | Gained mutation: You have an increased reservoir of magic.
                  | (+10% MP) [Xom's grace]
  4338 | D:4      | Gained mutation: You passively dampen the noise of your
                  | surroundings. [Xom's grace]
  4338 | D:4      | Gained mutation: You have supernaturally acute eyesight.
                  | (SInv) [Xom's grace]
  4390 | D:4      | XOM: god gift: bubbling dark potion {god gift}
  4456 | D:4      | XOM: give mutation
  4456 | D:4      | Gained mutation: You are partially covered in iridescent
                  | scales. (AC +2) [Xom's grace]
  4567 | D:5      | Entered Level 5 of the Dungeon
  4610 | D:5      | Noticed an ogre
  4615 | D:5      | Identified the +5 mace of Wu Jian's Displeasure {venom,
                  | Dex+4}
  4623 | D:5      | Killed an ogre
  4624 | D:5      | Reached XP level 6. HP: 29/47 MP: 13/15
  4865 | D:5      | Reached skill level 5 in Dodging
  5097 | D:5      | XOM: give mutations
  5097 | D:5      | Lost mutation: You are partially covered in iridescent
                  | scales. (AC +2) [Xom's mischief]
  5097 | D:5      | Lost mutation: Your muscles are strong. (Str +2) [Xom's
                  | mischief]
  5126 | D:5      | XOM: 1-stop teleportation journey
  5247 | D:5      | Identified the +12 short sword "Ulehurr" {vamp, rF+ rC+
                  | rCorr}
  5263 | D:5      | XOM: blink monster(s)
  5272 | D:5      | Reached XP level 7. HP: 31/52 MP: 16/16
  5432 | D:5      | Found a blossoming altar of Fedhas.
  5471 | D:5      | Found a radiant altar of Vehumet.
  5701 | D:5      | XOM: summons 3 hostile shadow creatures
  5975 | D:6      | Found a hazy altar of Hepliaklqana.
  6012 | D:5      | Reached skill level 7 in Unarmed Combat
  6531 | D:6      | Identified the amulet "Jecs" {RegenMP Harm Will+}
  6683 | D:6      | XOM: potion effect (curing)
  6974 | D:6      | XOM: give mutations
  6974 | D:6      | Gained mutation: Armour fits poorly on your strangely
                  | shaped body. [Xom's mischief]
  6974 | D:6      | Gained mutation: You are somewhat resistant to further
                  | mutation. [Xom's mischief]
  6974 | D:6      | Lost mutation: You passively dampen the noise of your
                  | surroundings. [Xom's mischief]
  7408 | D:6      | XOM: give mutations
  7408 | D:6      | Lost mutation: You are somewhat resistant to further
                  | mutation. [Xom's mischief]
  7408 | D:6      | Gained mutation: Your body sometimes deteriorates upon
                  | taking damage. [Xom's mischief]
  7408 | D:6      | Gained mutation: You are frail. (-10% HP) [Xom's mischief]
  7498 | D:6      | HP: 2/47 [centaur (3)]
  7503 | D:6      | Reached XP level 8. HP: 11/54 MP: 18/18
  7505 | D:6      | XOM: scenery: 1 doors open
  7654 | D:6      | XOM: 5-stop teleportation journey
  8593 | D:7      | XOM: 6-stop teleportation journey
  8735 | D:7      | XOM: 1-stop teleportation journey
  8824 | D:7      | XOM: give mutations
  8824 | D:7      | Gained mutation: You are weak. (Str -2) [Xom's mischief]
  8824 | D:7      | Lost mutation: Your body sometimes deteriorates upon taking
                  | damage. [Xom's mischief]
  8824 | D:7      | Lost mutation: You are frail. (-10% HP) [Xom's mischief]
  8824 | D:7      | Gained mutation: You occasionally shout uncontrollably at
                  | your foes. [Xom's mischief]
  8830 | D:7      | Lost mutation: Armour fits poorly on your strangely shaped
                  | body. [potion of mutation]
  8830 | D:7      | Lost mutation: You have supernaturally acute eyesight.
                  | (SInv) [potion of mutation]
  8830 | D:7      | Lost mutation: You are weak. (Str -2) [potion of mutation]
  8830 | D:7      | Gained mutation: You are weak. (Str -2) [potion of
                  | mutation]
  8830 | D:7      | Gained mutation: You tend to lose your temper in combat.
                  | [potion of mutation]
  8830 | D:7      | Gained mutation: You are partially covered in large bone
                  | plates. (SH +4) [potion of mutation]
  8882 | D:7      | XOM: blink monster(s)
  8955 | D:7      | XOM: summons 3 hostile shadow creatures
  9017 | D:7      | Reached skill level 5 in Transmutations
  9017 | D:7      | Reached XP level 9. HP: 12/66 MP: 20/20
  9020 | D:7      | XOM: enchant monster (bad)
  9025 | D:7      | XOM: cleaving
  9025 | D:7      | Slain by a wyvern zombie

Illustrated notes

Levels and vault maps discovered:
D:1:      dpeg_arrival_more_subterranean_lakeside_camping, layout_basic,
          serial_shops, nicolae_shop_statue_plus, hangedman_decor_slide_cut,
          st_stairs_2
D:2:      layout_basic
D:3:      layout_basic, mainiacjoe_overflow_brackets,
          hellmonk_ecumenical_altar_arch_garden, minivault_19,
          minmay_surrounded, uniq_crazy_yiuf_cottage, uniq_terence
D:4:      layout_basic, minmay_temple_entry_statues
D:5:      layout_loops_ring, mainiacjoe_overflow_swirl
D:6:      layout_basic, mainiacjoe_overflow_paths, chequers_mini_garden,
          minivault_19, minmay_stone_trees_medium
D:7:      layout_basic, grunt_ministairs_15, st_stairs_9, minmay_misc_feat_rows

Skill      XL: |  1  2  3  4  5  6  7  8 |
---------------+-------------------------+-----
Spellcasting   | 5 6 |  6.3
Invocations    | 1 2 3 4 |  4.1
Short Blades   | 1 2 3 |  3.7
Long Blades    | 1 2 3 |  3.7
Axes           | 1 2 3 |  3.7
Maces & Flails | 1 2 3 |  3.7
Polearms       | 1 2 3 |  3.7
Staves         | 1 2 3 |  3.7
Slings         | 1 2 3 |  3.7
Bows           | 1 2 3 |  3.7
Crossbows      | 1 2 3 |  3.7
Throwing       | 1 2 3 |  3.7
Armour         | 1 2 3 |  3.7
Stealth        | 1 2 3 |  3.7
Shields        | 1 2 3 |  3.7
Evocations     | 1 2 3 |  3.7
Conjurations   | 1 2 3 |  3.1
Hexes          | 1 2 3 |  3.1
Summonings     | 1 2 3 |  3.1
Necromancy     | 1 2 3 |  3.1
Translocations | 1 2 3 |  3.1
Fire Magic     | 1 2 3 |  3.1
Ice Magic      | 1 2 3 |  3.1
Air Magic      | 1 2 3 |  3.1
Earth Magic    | 1 2 3 |  3.1
Poison Magic   | 1 2 3 |  3.1
Fighting       | 3 4 |  4.6
Transmutations | 4 5 |  5.0
Dodging        | 5 6 |  6.0
Unarmed Combat | 7 |  7.6

Action                   |  1- 3 |  4- 6 |  7- 9 || total
-------------------------+-------+-------+-------++-------
Melee: Unarmed           |   110 |   169 |   157 ||   436
       Kick              |     4 |    23 |     4 ||    31
       Headbutt          |     4 |     9 |       ||    13
       Punch             |     3 |     5 |     5 ||    13
       Bite              |     7 |    10 |     4 ||    21
 Cast: Beastly Appendage |     7 |    14 |     1 ||    22
       Spider Form       |       |     1 |    13 ||    14
Evoke: Wand              |       |       |     1 ||     1
  Use: Potion            |       |       |     5 ||     5
       Scroll            |       |       |     2 ||     2
 Stab: Sleeping          |     2 |     2 |     3 ||     7
Armor: Robe              |    20 |    41 |    38 ||    99
       Skin              |       |       |     6 ||     6
Dodge: Dodged            |    68 |   122 |   218 ||   408
Block: Other             |       |       |     3 ||     3

Table legend: (Time is in decaauts)
 A = Elapsed time spent in this place.
 B = Non-inter-level travel time spent in this place.
 C = Inter-level travel time spent in this place.
 D = Time resting spent in this place.
 E = Time spent auto-exploring this place.
 F = Levels seen in this place.
 G = Mean time per level.
                   A        B        C        D        E       F      G
               +--------+--------+--------+--------+--------+-----+--------+
         Total |   8964 |   8695 |    269 |   2200 |   5248 |   7 | 1280.6 |
       Dungeon |   8964 |   8695 |    269 |   2200 |   5248 |   7 | 1280.6 |
               +--------+--------+--------+--------+--------+-----+--------+

Top non-repeatable levels by time:
     D:6: 2112 daAuts
     D:3: 1657 daAuts
     D:5: 1536 daAuts
     D:1: 1205 daAuts
     D:4: 1076 daAuts
     D:7: 763 daAuts
     D:2: 611 daAuts
